 Dungeon Crawl Stone Soup version 0.31-a0-263-ge8cad7f256 (webtiles) character file.

Game seed: 3608909017797735668

5114 porpoise the Markskobold (level 10, -1/56 HPs)
             Began as a Kobold Hunter on July 14, 2023.
             Was a Follower of Hepliaklqana.
             Slain by a gargoyle
             ... wielding a +0 flail
              (3 damage)
             ... on level 8 of the Dungeon.
             The game lasted 00:23:31 (8117 turns).

porpoise the Markskobold (Kobold Hunter)            Turns: 8117, Time: 00:23:32

Health: -1/56      AC:  4    Str: 17    XL:     10   Next: 88%
Magic:  13/13      EV: 20    Int: 11    God:    Hepliaklqana [*.....]
Gold:   491        SH:  0    Dex: 26    Spells: 7/9 levels left

rFire   . . .        a - +0 orcbow
rCold   . . .        (shield currently unavailable)
rNeg    . . .        A - +0 leather armour of the Old World {Str+3 Dex+3}
rPois   .            (no helmet)
rElec   .            (no cloak)
rCorr   .            (no gloves)
SInv    .            t - +0 pair of boots
Will    .....        p - amulet of the acrobat
Stlth   +++++        f - +6 ring of strength
HPRegen 0.29/turn    (no ring)
MPRegen 0.13/turn

%: acrobat
@: about to teleport
A: reduced essence, small, no large weapons, nightstalker 3
a: Renounce Religion, Recall Ancestor, Ancestor Identity


You were on level 8 of the Dungeon.
You worshipped Hepliaklqana.
Hepliaklqana was aware of your devotion.
You visited 2 branches of the dungeon, and saw 9 of its levels.

You collected 491 gold pieces.

Inventory:

Hand Weapons
 a - a +0 orcbow (weapon)
 b - a +0 dagger of venom
 w - a +2 rapier of holy wrath
Missiles
 j - 8 poisoned darts
 z - 5 boomerangs
 C - a curare-tipped dart
Armour
 t - a +0 pair of boots (worn)
 x - a +0 buckler
 A - the +0 leather armour of the Old World (worn) {Str+3 Dex+3}
   (You found it on level 6 of the Dungeon)

   Str:       It affects your strength (+3).
   Dex:       It affects your dexterity (+3).
Jewellery
 f - a +6 ring of strength (left hand)
 p - an amulet of the acrobat (around neck)
Talismans
 m - a serpent talisman
Wands
 q - a wand of digging (5)
 B - a wand of roots (14)
Scrolls
 e - a scroll of noise
 g - a scroll of poison {unknown}
 h - 2 scrolls of teleportation
 l - a scroll of fear {unknown}
 o - a scroll of torment
 r - 2 scrolls of vulnerability {unknown}
 s - a scroll of revelation {unknown}
 y - a scroll of immolation {unknown}
 D - a scroll of butterflies
 E - a scroll of fog {unknown}
Potions
 c - 2 potions of curing
 d - 3 potions of enlightenment
 i - a potion of brilliance
 k - a potion of resistance
 n - a potion of haste
 u - a potion of ambrosia
 v - a potion of might


   Skills:
 - Level 7.0 Fighting
 * Level 15.2 Ranged Weapons
 + Level 6.5 Dodging
 - Level 7.0 Stealth
 - Level 5.0 Invocations


You had 7 spell levels left.
You knew the following spells:

 Your Spells              Type           Power      Damage    Failure   Level
k - Blink                 Tloc           0%         N/A       54%         2

Your spell library contained the following spells:

 Spells                   Type           Power      Damage    Failure   Level
 Magic Dart               Conj           0%         1d3       41%         1
 Lesser Beckoning         Tloc           0%         N/A       54%         2
 Momentum Strike          Conj/Tloc      0%         3d8       54%         2
 Searing Ray              Conj           0%         2d4       54%         2
 Sublimation of Blood     Necr           0%         N/A       54%         2
 Wereblood                Tmut           0%         N/A       54%         2
 Animate Armour           Summ/Erth      0%         N/A       99%         4
 Fulminant Prism          Conj/Hex       0%         3d5       99%         4
 Petrify                  Tmut/Erth      0%         N/A       99%         4
 Summon Lightning Spire   Summ/Air       0%         N/A       99%         4
 Irradiate                Conj/Tmut      0%         3d11      100%        5
 Lee's Rapid Deconstruct  Erth           0%         3d4*      100%        5
 Summon Hydra             Summ           0%         N/A       100%        7


Dungeon Overview and Level Annotations

Branches:
Dungeon (8/15)             Temple (1/1) D:6
   Lair: D:8-11

Altars:
Dithmenos
Elyvilon
Fedhas
Hepliaklqana
Kikubaaqudgha
Qazlal
Ru
Uskayaw
Vehumet
The Shining One

Shops:
D:5 ::


Innate Abilities, Weirdness & Mutations

Your life essence is reduced to manifest your ancestor. (-10% HP)
You are small and have problems with some larger weapons.
You are completely attuned to the shadows.


Message History

The four-headed hydra closely misses you.
The four-headed hydra bites you. The four-headed hydra misses you.
The four-headed hydra completely misses you.
Something hits Nikki!!
You shoot an arrow.
The arrow barely misses the four-headed hydra.
Nikki hits the four-headed hydra!
You shoot an arrow. The arrow hits the four-headed hydra!
You kill the four-headed hydra!
Something hits Nikki!!
Nikki is destroyed!
The ice beast completely misses you.
Training target 5.0 for Invocations reached!
Your Ranged Weapons skill increases to level 15!
Your Invocations skill increases to level 5!
The ice beast completely misses you.
A gargoyle comes into view. It is wielding a +0 flail.
You shoot an arrow.
The arrow completely misses the ice beast.
The ice beast misses you.
A steam dragon comes into view.
You shoot an arrow. The arrow hits the ice beast!
The ice beast is moderately wounded.
The ice beast hits you but does no damage.
You shoot an arrow. The arrow hits the ice beast.
The ice beast is moderately wounded.
The gargoyle hurls a stone arrow at you.
The stone arrow hits you! The ice beast completely misses you.
As you read the scroll labelled GOCVEH HEUDI, it crumbles to dust.
You hear a loud clanging noise!
It was a scroll of noise.
You hear an angry hiss.
You hear a bellow!
The ice beast hits you. The ice beast freezes you.
The gargoyle hurls a stone arrow at you.
The stone arrow hits you!!
* * * LOW HITPOINT WARNING * * *
As you read the scroll labelled BUBREJUALA, it crumbles to dust.
You feel strangely unstable.
It was a scroll of teleportation.
The ice beast closely misses you. The gargoyle hits you with a +0 flail.
You die...

#..#
###......
#..#
##.....
#..#
#..#..#
#..#..#
#.)#..# #
#..#..# )#
#....Y#)..
#...@9D)..
##########


You could see a steam dragon, a gargoyle and an ice beast.

Vanquished Creatures
  A hydra (D:8)
  Pikel (D:5)
  Prince Ribbit (D:6)
  3 yaks (D:8)
  A wyvern (D:8)
  2 water moccasins
  4 orc warriors
  A centaur (D:8)
  A kobold brigand (D:8)
  4 bullfrogs
  A gnoll sergeant (D:8)
  4 scorpions
  7 wights
  A killer bee (D:8)
  A howler monkey (D:8)
  2 jellies
  2 hounds (D:7)
  A gnoll bouda (D:5)
  Ijyb (D:3)
  3 orc priests
  A sleepcap (D:7)
  5 iguanas
  9 orc wizards
  7 gnolls (D:4)
  10 adders
  2 shadow imps (D:8)
  A white imp (D:6)
  2 ufetubi (D:5)
  3 worms
  3 dart slugs
  14 orcs
  3 ball pythons
  4 giant cockroaches
  13 goblins
  5 hobgoblins
  3 jackals
  2 quokkas
  8 bats
  2 frilled lizards (D:1)
  9 kobolds
  6 rats
154 creatures vanquished.

Vanquished Creatures (collateral kills)
  A yaktaur (shapeshifter) (D:8)
  A yak (D:8)
  A wyvern (D:8)
  A black bear (D:8)
  An orc priest (D:8)
  An orc (D:8)
  3 kobolds (D:8)
9 creatures vanquished.

Vanquished Creatures (others)
  3 ancestors (D:8)
3 creatures vanquished.

Grand Total: 166 creatures vanquished

Notes
Turn   | Place    | Note
-------+----------+-------------------------------------------
     0 | D:1      | porpoise the Kobold Hunter began the quest for the Orb.
     0 | D:1      | Reached XP level 1. HP: 12/12 MP: 1/1
   148 | D:1      | Reached XP level 2. HP: 18/18 MP: 2/2
   247 | D:1      | Reached skill level 6 in Ranged Weapons
   309 | D:1      | Reached XP level 3. HP: 22/22 MP: 3/3
  1280 | D:2      | Reached XP level 4. HP: 28/28 MP: 4/4
  1439 | D:2      | Found a faded altar of an unknown god.
  1757 | D:3      | Noticed Ijyb
  1772 | D:3      | Reached skill level 7 in Ranged Weapons
  1774 | D:3      | Killed Ijyb
  1775 | D:3      | Reached XP level 5. HP: 8/32 MP: 5/5
  2165 | D:3      | Found a blossoming altar of Fedhas.
  2321 | D:4      | Reached XP level 6. HP: 34/38 MP: 6/6
  2368 | D:4      | Reached skill level 8 in Ranged Weapons
  2583 | D:4      | Found a shadowy altar of Dithmenos.
  3033 | D:4      | Reached XP level 7. HP: 44/44 MP: 7/7
  3039 | D:4      | Reached skill level 9 in Ranged Weapons
  3485 | D:5      | Entered Level 5 of the Dungeon
  3949 | D:5      | Reached skill level 5 in Fighting
  4188 | D:5      | Found a stormy altar of Qazlal.
  4198 | D:5      | Noticed Pikel
  4233 | D:5      | Killed Pikel
  4234 | D:5      | Reached skill level 10 in Ranged Weapons
  4234 | D:5      | Reached XP level 8. HP: 13/51 MP: 8/8
  4494 | D:5      | Found Qotuixag's Tiny Tomes.
  4599 | D:5      | Found Evihuenk's Book Shop.
  4868 | D:6      | Reached skill level 5 in Stealth
  4874 | D:6      | Learned a level 2 spell: Blink
  4914 | D:6      | Reached skill level 11 in Ranged Weapons
  4999 | D:6      | Identified the +0 leather armour of the Old World {Str+3
                  | Dex+3}
  5445 | D:6      | Found a staircase to the Ecumenical Temple.
  5459 | Temple   | Entered the Ecumenical Temple
  5473 | Temple   | Became a worshipper of Hepliaklqana the Forgotten
  5533 | D:6      | Noticed Prince Ribbit
  5547 | D:6      | Killed Prince Ribbit
  5548 | D:6      | Reached XP level 9. HP: 50/56 MP: 9/9
  5649 | D:6      | Found a glowing golden altar of the Shining One.
  6086 | D:7      | Reached skill level 12 in Ranged Weapons
  6327 | D:7      | Found an ancient bone altar of Kikubaaqudgha.
  7138 | D:8      | Reached * piety under Hepliaklqana
  7247 | D:8      | Reached skill level 13 in Ranged Weapons
  7247 | D:8      | Reached skill level 1 in Invocations
  7626 | D:8      | Reached XP level 10. HP: 56/56 MP: 11/11
  7674 | D:8      | Reached skill level 14 in Ranged Weapons
  7674 | D:8      | Reached skill level 5 in Dodging
  7699 | D:8      | HP: 2/56 [yak (7)]
  8069 | D:8      | Noticed a yaktaur
  8078 | D:8      | Killed a yaktaur
  8104 | D:8      | Noticed a four-headed hydra
  8111 | D:8      | Killed a four-headed hydra
  8112 | D:8      | Reached skill level 15 in Ranged Weapons
  8112 | D:8      | Reached skill level 5 in Invocations
  8112 | D:8      | Noticed a gargoyle
  8116 | D:8      | HP: 2/56 [gargoyle/stone arrow (20)]
  8117 | D:8      | Slain by a gargoyle

Illustrated notes

Levels and vault maps discovered:
D:1:      lightli_arrival_statuegarden, layout_loops_cross
D:2:      layout_basic, ebering_ecumenical_altar_sacrificial
D:3:      layout_rooms, fedhas_altar_4, roderic_serpentine_path, uniq_ijyb
D:4:      layout_loops_ring, grunt_dithmenos_smoke_and_mirrors,
          kennysheep_path_1
D:5:      minmay_skewed_foursquare, layout_basic,
          nicolae_qazlal_scattered_showers, serial_shops,
          nicolae_shop_tiny_statue_garden, nicolae_shop_i_like_small_books_too,
          minmay_misc_feat_rows, roderic_three_in_a_row, nrook_loot_triangle,
          corexii_hall_statues_i, uniq_pikel
D:6:      layout_loops_ring, mainiacjoe_overflow_alcove_4,
          minmay_temple_entry_trees, minivault_10, uniq_prince_ribbit1
D:7:      layout_basic, nicolae_kikubaaqudgha_miasma_corner
D:8:      minmay_quarter_circles, layout_gridville, uniq_amaemon
Temple:   compressed_dpeg_triangle_lava_temple

Skill      XL: |  1  2  3  4  5  6  7  8  9 10 |
---------------+-------------------------------+-----
Ranged Weapons | 6 7 8 10 11 13 15 | 15.2
Fighting       | 3 4 5 6 7 |  7.0
Stealth        | 4 5 7 |  7.0
Dodging        | 4 6 |  6.5
Invocations    | 2 5 |  5.0

Action                     |  1- 3 |  4- 6 |  7- 9 | 10-12 || total
---------------------------+-------+-------+-------+-------++-------
  Melee: Rapier            |       |       |    14 |       ||    14
         Punch             |       |       |     1 |       ||     1
   Fire: Shortbow          |    87 |   142 |   251 |       ||   480
         Orcbow            |       |       |    29 |    87 ||   116
 Invoke: Ancestor Identity |       |       |     1 |       ||     1
  Evoke: Wand              |       |       |     1 |       ||     1
    Use: Scroll            |     3 |     1 |     5 |     2 ||    11
         Potion            |       |       |     2 |     1 ||     3
 Armour: Leather armour    |     8 |     8 |    14 |     2 ||    32
  Dodge: Dodged            |    22 |    40 |   102 |    41 ||   205

Table legend: (Time is in decaauts)
 A = Elapsed time spent in this place.
 B = Non-inter-level travel time spent in this place.
 C = Inter-level travel time spent in this place.
 D = Time resting spent in this place.
 E = Time spent auto-exploring this place.
 F = Levels seen in this place.
 G = Mean time per level.
                   A        B        C        D        E       F      G
               +--------+--------+--------+--------+--------+-----+--------+
         Total |   8068 |   7832 |    236 |   1784 |   4968 |   9 |  896.4 |
       Dungeon |   8045 |   7817 |    228 |   1784 |   4962 |   8 | 1005.6 |
        Temple |     22 |     14 |      8 |      0 |      6 |   1 |   22.0 |
               +--------+--------+--------+--------+--------+-----+--------+

Top non-repeatable levels by time:
     D:7: 1333 daAuts
     D:5: 1282 daAuts
     D:4: 1195 daAuts
     D:8: 987 daAuts
     D:6: 937 daAuts
     D:1: 852 daAuts
     D:3: 814 daAuts
     D:2: 642 daAuts
  Temple: 22 daAuts
